 Dungeon Crawl Stone Soup version 0.23.2 (webtiles) character file.

Game seed: 13774886005743727869

199 sagitran the Slasher (level 5, 0/42 HPs)
             Began as a Demonspawn Chaos Knight on Mar 31, 2019.
             Was a Plaything of Xom.
             Slain by a starcursed mass (1 damage)
             ... while paralysed by accursed screaming
             ... on level 1 of the Abyss.
             The game lasted 00:11:43 (1966 turns).

sagitran the Slasher (Demonspawn Chaos Knight)      Turns: 1966, Time: 00:11:51

Health: 0/42       AC:  5    Str: 13    XL:     5   Next: 48%
Magic:  5/5        EV:  2    Int: 13    God:    Xom [*.....]
Gold:   259        SH:  0    Dex: 18    Spells: 4/4 levels left

rFire    . . .     SeeInvis .   a - +1 falchion (chaos)
rCold    . . .     Gourm    .   (no shield)
rNeg     . . .     Faith    .   b - +2 leather armour
rPois    +         Spirit   .   (helmet restricted)
rElec    .         Reflect  .   (no cloak)
rCorr    .         Harm     .   (no gloves)
MR       .....                  (no boots)
Stlth    ++........             l - amulet of regeneration
HPRegen  0.54/turn              m - ring of poison resistance
MPRegen  0.09/turn              (no ring)

@: paralysed, agile, about to teleport, drained
A: claws 1, horns 1, screaming 1
a: Renounce Religion


You were on level 1 of the Abyss.
You worshipped Xom.
You were a special plaything of Xom.
You were not hungry.

You visited 1 branch of the dungeon, and saw 3 of its levels.
You visited the Abyss 1 time.

You collected 259 gold pieces.

Inventory:

Hand Weapons
 a - a +1 falchion of chaos (weapon)
Armour
 b - a +2 leather armour (worn)
 i - a +0 ring mail
Jewellery
 e - an uncursed amulet of harm
 l - an amulet of regeneration (around neck)
 m - a ring of poison resistance (left claw)
 r - an uncursed amulet of the gourmand {unknown}
Scrolls
 g - 2 scrolls of remove curse
 p - a scroll of teleportation
 q - a scroll of magic mapping {unknown}
Potions
 d - a potion of curing
 f - 3 potions of agility
 h - a potion of mutation {unknown}
 j - a potion of magic {unknown}
 k - a potion of heal wounds {unknown}
 n - 2 potions of might {unknown}
 o - a potion of lignification {unknown}
Comestibles
 c - 10 rations


   Skills:
 + Level 3.7(3.0) Fighting
 + Level 4.3(3.6) Long Blades
 + Level 2.6(1.9) Armour
 + Level 2.2(1.5) Dodging
 + Level 0.1(0.0) Stealth


You had 4 spell levels left.
You didn't know any spells.
Your spell library was empty.

Dungeon Overview and Level Annotations

Branches:
Dungeon (3/15)

Altars:
Cheibriados
Elyvilon
Nemelex Xobeh
Xom
Yredelemnul
Zin
The Shining One


Innate Abilities, Weirdness & Mutations

You have sharp fingernails.
You have a pair of small horns on your head.
You occasionally shout uncontrollably at your foes.


Message History

A chorus of shrieks assaults your mind.
A starcursed mass splits.
A starcursed mass splits.
A chorus of shrieks assaults your mind.
Found a scroll of teleportation. "Hum-dee-hum-dee-hum..."
The starcursed mass suddenly seems more resistant.
A chorus of shrieks assaults your mind.
* * * LOW HITPOINT WARNING * * *
You see here a scroll of teleportation.
p - a scroll of teleportation It was a potion of agility.
You feel agile all of a sudden.
Xom roars with laughter!
A deafening chorus of shrieks assaults your mind!
* * * LOW HITPOINT WARNING * * *
Xom roars with laughter!
You suddenly lose the ability to move!
The starcursed mass engulfs you.
You die...
Xom chuckles heartily!

.... .. .#.###.
.# ...#..
..##....#
#......# #. #..
#.### ....
##..##.## #..
#.XX.XX@#
#.......####.#
...#..#...# .§.
##...##.X# #..#
.###§#.X# .#.# #
##...# #.#.# .
.###X#.# . # .
###.##.X.####
#X#....§.#...##.


You could see 4 starcursed masses.

Vanquished Creatures
  A centaur (D:3)
  2 adders
  A worm (D:2)
  2 dart slugs
  5 leopard geckos
  2 orcs (D:3)
  8 bats
  3 giant cockroaches
  8 goblins
  15 hobgoblins
  9 jackals
  3 quokkas
  2 ball pythons (D:1)
  2 frilled lizards
  8 kobolds
  5 rats
76 creatures vanquished.

Vanquished Creatures (others)
  A hobgoblin (D:1)
1 creature vanquished.

Grand Total: 77 creatures vanquished

Notes
Turn   | Place    | Note
-------+----------+-------------------------------------------
     0 | D:1      | sagitran the Demonspawn Chaos Knight began the quest for
                  | the Orb.
     0 | D:1      | Reached XP level 1. HP: 18/18 MP: 1/1
    35 | D:1      | XOM: potion effect (might)
    93 | D:1      | Reached skill level 3 in Long Blades
   103 | D:1      | Gained mutation: You have sharp fingernails. [demonic
                  | ancestry]
   103 | D:1      | Reached XP level 2. HP: 22/24 MP: 2/2
   171 | D:1      | Reached skill level 1 in Dodging
   274 | D:1      | Found a sparkling altar of Nemelex Xobeh.
   327 | D:1      | XOM: divination: detect items
   434 | D:1      | Gained mutation: You have a pair of small horns on your
                  | head. [demonic ancestry]
   434 | D:1      | Reached XP level 3. HP: 29/29 MP: 3/3
   574 | D:1      | XOM: confusion
   811 | D:1      | XOM: silly message
   862 | D:1      | XOM: harmless Hex miscast
   966 | D:2      | XOM: smoke on damage
  1112 | D:2      | Reached XP level 4. HP: 19/35 MP: 4/4
  1269 | D:2      | Found a white marble altar of Elyvilon.
  1269 | D:2      | Found a glowing golden altar of the Shining One.
  1472 | D:3      | Found a glowing silver altar of Zin.
  1477 | D:3      | Found a shimmering altar of Xom.
  1477 | D:3      | Found a basalt altar of Yredelemnul.
  1536 | D:3      | Found a snail-covered altar of Cheibriados.
  1539 | D:3      | Noticed a centaur
  1545 | D:3      | Killed a centaur
  1545 | D:3      | Reached skill level 4 in Long Blades
  1545 | D:3      | Reached XP level 5. HP: 41/41 MP: 5/5
  1883 | D:3      | XOM: confusion
  1892 | D:3      | XOM: medium Tloc miscast
  1892 | D:3      | Cast into level 1 of the Abyss (the capriciousness of Xom)
  1892 | Abyss:1  | Found a corrupted altar of Lugonu.
  1933 | Abyss:1  | XOM: give mutation
  1933 | Abyss:1  | Gained mutation: You occasionally shout uncontrollably at
                  | your foes. [Xom's mischief]
  1935 | Abyss:1  | Noticed a starcursed mass
  1943 | Abyss:1  | Noticed a spatial maelstrom
  1943 | Abyss:1  | Noticed a spatial vortex
  1943 | Abyss:1  | Noticed a spatial vortex
  1943 | Abyss:1  | Noticed a spatial vortex
  1951 | Abyss:1  | Noticed a tentacled starspawn
  1961 | Abyss:1  | XOM: enchant monster (bad)
  1966 | Abyss:1  | HP: 1/42 [starcursed mass/accursed screaming (10)]
  1966 | Abyss:1  | Paralysed by accursed screaming for 1 turns
  1966 | Abyss:1  | Slain by a starcursed mass

Skill      XL: |  1  2  3  4 |
---------------+-------------+-----
Armour         | 2 |  2.6
Long Blades    | 3 4 |  4.3
Dodging        | 1 2 |  2.2
Fighting       | |  3.7
Stealth        | |  0.1

Action                   |  1- 3 |  4- 6 || total
-------------------------+-------+-------++-------
Melee: Falchion          |   128 |    79 ||   207
       Headbutt          |    12 |    10 ||    22
  Use: Potion            |     2 |     1 ||     3
       Scroll            |     3 |     4 ||     7
 Stab: Petrified         |       |     4 ||     4
       Paralysed         |       |     1 ||     1
  Eat: Chunk             |     1 |     2 ||     3
       Ration            |       |     1 ||     1
Armor: Leather armour    |    61 |    39 ||   100
Dodge: Dodged            |    95 |    73 ||   168
       Rpst.: Falchion   |    23 |    23 ||    46
